| TOP OF THE 1ST |
|
Los Angeles Dodgers batting - Pitching for Cincinnati Reds : RHP Larry Dierker
|
|
Pitching: RHP Larry Dierker
|
|
|
Batting: RHB Billy Sample
|
0-0: Ball 1-0: SINGLE (Flyball, 34D, EV 85.0 MPH)
|
|
Batting: RHB Carney Lansford
|
0-0: Ball 1-0: Called Strike 1-1: Ball 2-1: Fly out, F4 (Popup, 4, EV 71.9 MPH)
|
|
Batting: RHB Jerry Keller
|
0-0: Called Strike Billy Sample steals 2nd base (no throw) 0-1: Foul Ball, location: 2F 0-2: Foul Ball, location: 2F 0-2: Ground out 5-3 (Groundball, 56, EV 97.5 MPH)
|
|
Batting: RHB Dick Davis
|
0-0: Swinging Strike 0-1: Ball 1-1: Ball 2-1: Called Strike 2-2: Ball 3-2: Strikes out looking
|
| Top of the 1st over - 0 runs, 1 hit, 0 errors, 1 left on base; Los Angeles 0 - Cincinnati 0 |
| BOTTOM OF THE 1ST |
|
Cincinnati Reds batting - Pitching for Los Angeles Dodgers : RHP Mike Scott
|
|
Pitching: RHP Mike Scott
|
|
|
Batting: RHB Gary Matthews
|
0-0: Called Strike 0-1: Swinging Strike 0-2: Ball 1-2: Ball 2-2: Ball 3-2: SINGLE (Groundball, 5S, EV 66.9 MPH) (infield hit)
|
|
Batting: RHB Bill Melton
|
0-0: Called Strike 0-1: Sac Bunt to 2R - play at second, runner OUT! 2-6
|
|
Batting: LHB Mike Easler
|
0-0: Ball 1-0: Ball 2-0: Called Strike 2-1: Swinging Strike 2-2: Strikes out swinging
|
|
Batting: LHB Joseph Talley
|
0-0: Called Strike 0-1: Fly out, F6 (Popup, 6MS, EV 75.0 MPH)
|
| Bottom of the 1st over - 0 runs, 1 hit, 0 errors, 1 left on base; Los Angeles 0 - Cincinnati 0 |
| TOP OF THE 2ND |
|
Los Angeles Dodgers batting - Pitching for Cincinnati Reds : RHP Larry Dierker
|
|
Batting: RHB Barry Evans
|
0-0: Called Strike 0-1: Ball 1-1: Called Strike 1-2: Ball 2-2: Foul Ball, location: 2F 2-2: Ball 3-2: Base on Balls
|
|
Batting: LHB Darren Daulton
|
0-0: Ball 1-0: Ball 2-0: Fielders Choice at 2nd, 6-4 (Groundball, 6, EV 106.3 MPH)
|
|
Batting: SHB Spike Owen
|
0-0: Called Strike Darren Daulton steals 2nd base 0-1: Ground out U3 (Groundball, 34S, EV 84.4 MPH) Darren Daulton to third
|
|
Batting: RHB Roberto Reyes
|
0-0: Called Strike 0-1: Ball 1-1: Ball 2-1: Ball 3-1: Base on Balls
|
|
Batting: RHB Mike Scott
|
0-0: Ball 1-0: Ball 2-0: Foul Ball, location: 2F 2-1: Fly out, F9 (Flyball, 9, EV 96.3 MPH)
|
| Top of the 2nd over - 0 runs, 0 hits, 0 errors, 2 left on base; Los Angeles 0 - Cincinnati 0 |
| BOTTOM OF THE 2ND |
|
Cincinnati Reds batting - Pitching for Los Angeles Dodgers : RHP Mike Scott
|
|
Batting: RHB Johnny Bench
|
0-0: Called Strike 0-1: Swinging Strike 0-2: Ball 1-2: Strikes out swinging
|
|
Batting: RHB Marco Mosquera
|
0-0: Ball 1-0: Ball 2-0: Foul Ball, location: 2F 2-1: SINGLE (Line Drive, 6MD, EV 109.4 MPH)
|
|
Batting: RHB John Damon
|
0-0: Fly out, F9 (Flyball, 9LM, EV 76.3 MPH)
|
|
Batting: RHB Ramon Borrero
|
0-0: Called Strike 0-1: DOUBLE (Line Drive, 89D, EV 105.0 MPH) Marco Mosquera to third Runner from 3rd tries for Home, throw by RF and OUT! 9-4-2
|
| Bottom of the 2nd over - 0 runs, 2 hits, 0 errors, 1 left on base; Los Angeles 0 - Cincinnati 0 |
| TOP OF THE 3RD |
|
Los Angeles Dodgers batting - Pitching for Cincinnati Reds : RHP Larry Dierker
|
|
Batting: RHB Billy Sample
|
0-0: Ball 1-0: Ball 2-0: Fly out, F8 (Line Drive, 8LM, EV 104.4 MPH)
|
|
Batting: RHB Carney Lansford
|
0-0: Ball 1-0: Swinging Strike 1-1: Ball 2-1: Fly out, F8 (Flyball, 8LS, EV 85.6 MPH)
|
|
Batting: RHB Jerry Keller
|
0-0: Swinging Strike 0-1: Called Strike 0-2: Ball 1-2: Foul Ball, location: 2F 1-2: Ball 2-2: Strikes out looking
|
| Top of the 3rd over - 0 runs, 0 hits, 0 errors, 0 left on base; Los Angeles 0 - Cincinnati 0 |
| BOTTOM OF THE 3RD |
|
Cincinnati Reds batting - Pitching for Los Angeles Dodgers : RHP Mike Scott
|
|
Batting: RHB Larry Dierker
|
0-0: Ball 1-0: Foul Ball, location: 2F 1-1: Swinging Strike 1-2: Strikes out swinging, 2-3 out at first.
|
|
Batting: RHB Gary Matthews
|
0-0: Ball 1-0: Called Strike 1-1: Ball 2-1: Ball 3-1: Called Strike 3-2: Strikes out swinging
|
|
Batting: RHB Bill Melton
|
0-0: Foul Ball, location: 2F 0-1: Ball 1-1: Ball 2-1: Fly out, F7 (Flyball, 78S, EV 76.3 MPH)
|
| Bottom of the 3rd over - 0 runs, 0 hits, 0 errors, 0 left on base; Los Angeles 0 - Cincinnati 0 |
| TOP OF THE 4TH |
|
Los Angeles Dodgers batting - Pitching for Cincinnati Reds : RHP Larry Dierker
|
|
Batting: RHB Dick Davis
|
0-0: Called Strike 0-1: Foul Ball, location: 2F 0-2: Ball 1-2: Foul Ball, location: 2F 1-2: Strikes out looking
|
|
Batting: RHB Barry Evans
|
0-0: Fly out, F7 (Flyball, 78XD, EV 97.5 MPH)
|
|
Batting: LHB Darren Daulton
|
0-0: Called Strike 0-1: Ball 1-1: Ball 2-1: Fly out, F8 (Line Drive, 8RM, EV 93.1 MPH)
|
| Top of the 4th over - 0 runs, 0 hits, 0 errors, 0 left on base; Los Angeles 0 - Cincinnati 0 |
| BOTTOM OF THE 4TH |
|
Cincinnati Reds batting - Pitching for Los Angeles Dodgers : RHP Mike Scott
|
|
Batting: LHB Mike Easler
|
0-0: Called Strike 0-1: Called Strike 0-2: Ball 1-2: Fly out, F8 (Flyball, 8RM, EV 80.6 MPH)
|
|
Batting: LHB Joseph Talley
|
0-0: Ball 1-0: Ball 2-0: Ball 3-0: Base on Balls
|
|
Batting: RHB Johnny Bench
|
0-0: Ball 1-0: Ball 2-0: Called Strike 2-1: Ball 3-1: Grounds into double play, 1-6-3 (Groundball, 13S, EV 70.6 MPH)
|
| Bottom of the 4th over - 0 runs, 0 hits, 0 errors, 0 left on base; Los Angeles 0 - Cincinnati 0 |
| TOP OF THE 5TH |
|
Los Angeles Dodgers batting - Pitching for Cincinnati Reds : RHP Larry Dierker
|
|
Batting: SHB Spike Owen
|
0-0: Foul Ball, location: 2F 0-1: Foul Ball, location: 2F 0-2: Foul Ball, location: 2F 0-2: Ball 1-2: Foul Ball, location: 2F 1-2: Foul Ball, location: 2F 1-2: Strikes out looking
|
|
Batting: RHB Roberto Reyes
|
0-0: Called Strike 0-1: DOUBLE (Line Drive, 7LM, EV 101.9 MPH)
|
|
Batting: RHB Mike Scott
|
0-0: Called Strike 0-1: Called Strike 0-2: Fly out, F8 (Flyball, 8LM, EV 88.1 MPH)
|
|
Batting: RHB Billy Sample
|
0-0: Called Strike 0-1: Ball 1-1: Foul Ball, location: 2F 1-2: Ground out 5-3 (Groundball, 56, EV 110.6 MPH)
|
| Top of the 5th over - 0 runs, 1 hit, 0 errors, 1 left on base; Los Angeles 0 - Cincinnati 0 |
| BOTTOM OF THE 5TH |
|
Cincinnati Reds batting - Pitching for Los Angeles Dodgers : RHP Mike Scott
|
|
Batting: RHB Marco Mosquera
|
0-0: Ball 1-0: Called Strike 1-1: Called Strike 1-2: SINGLE (Groundball, 56D, EV 100.6 MPH)
|
|
Batting: RHB John Damon
|
0-0: Swinging Strike 0-1: Called Strike 0-2: Fielders Choice at 2nd, 3-6 (Groundball, 34, EV 80.0 MPH)
|
|
Batting: RHB Ramon Borrero
|
0-0: Ball 1-0: Ball 2-0: Ball 3-0: Base on Balls John Damon to second
|
|
Batting: RHB Larry Dierker
|
0-0: Sac Bunt to 23 - play at first, batter OUT! 3-4 John Damon to third Ramon Borrero to second
|
|
Batting: RHB Gary Matthews
|
0-0: Ball 1-0: Called Strike 1-1: 3-RUN HOME RUN (Flyball, 78XD, EV 105.0 MPH), Distance : 434 ft
|
|
Batting: RHB Bill Melton
|
0-0: Called Strike 0-1: Ball 1-1: Called Strike 1-2: Ball 2-2: Foul Ball, location: 2F 2-2: Strikes out looking
|
| Bottom of the 5th over - 3 runs, 2 hits, 0 errors, 0 left on base; Los Angeles 0 - Cincinnati 3 |
| TOP OF THE 6TH |
|
Los Angeles Dodgers batting - Pitching for Cincinnati Reds : RHP Larry Dierker
|
|
Batting: RHB Carney Lansford
|
0-0: SINGLE (Line Drive, 7LM, EV 101.3 MPH)
|
|
Batting: RHB Jerry Keller
|
0-0: Called Strike 0-1: Ball 1-1: Ball 2-1: Ball 3-1: Base on Balls Carney Lansford to second
|
|
Batting: RHB Dick Davis
|
0-0: SINGLE (Groundball, 4MD, EV 95.0 MPH) Carney Lansford to third Jerry Keller to second Runner from 3rd tries for Home, SAFE, throw by CF to home
|
|
Batting: RHB Barry Evans
|
0-0: Swinging Strike 0-1: Swinging Strike 0-2: Ball 1-2: Strikes out swinging
|
|
Batting: LHB Darren Daulton
|
0-0: Ball 1-0: Ball 2-0: Called Strike 2-1: Foul Ball, location: 2F 2-2: Strikes out swinging
|
|
Batting: SHB Spike Owen
|
0-0: Called Strike 0-1: Swinging Strike 0-2: Ball 1-2: Fly out, F8 (Flyball, 8RD, EV 87.5 MPH)
|
| Top of the 6th over - 1 run, 2 hits, 0 errors, 2 left on base; Los Angeles 1 - Cincinnati 3 |
| BOTTOM OF THE 6TH |
|
Cincinnati Reds batting - Pitching for Los Angeles Dodgers : RHP Mike Scott
|
|
Batting: LHB Mike Easler
|
0-0: Ball 1-0: Foul Ball, location: 2F 1-1: Swinging Strike 1-2: Foul Ball, location: 2F 1-2: Foul Ball, location: 2F 1-2: Strikes out swinging
|
|
Batting: LHB Joseph Talley
|
0-0: Ball 1-0: Called Strike 1-1: Fly out, F6 (Popup, 56D, EV 50.6 MPH)
|
|
Batting: RHB Johnny Bench
|
0-0: Ball 1-0: Foul Ball, location: 2F 1-1: Fly out, F8 (Flyball, 8RM, EV 85.6 MPH)
|
| Bottom of the 6th over - 0 runs, 0 hits, 0 errors, 0 left on base; Los Angeles 1 - Cincinnati 3 |
| TOP OF THE 7TH |
|
Los Angeles Dodgers batting - Pitching for Cincinnati Reds : RHP Larry Dierker
|
|
Batting: RHB Roberto Reyes
|
0-0: Ball 1-0: Called Strike 1-1: SOLO HOME RUN (Flyball, 7D, EV 93.1 MPH), Distance : 381 ft
|
|
Batting: RHB Mike Scott
|
0-0: Ball 1-0: Ball 2-0: Foul Ball, location: 2F 2-1: Fly out, F8 (Flyball, 78S, EV 90.0 MPH)
|
|
Batting: RHB Billy Sample
|
0-0: Ball 1-0: Ball 2-0: Foul Ball, location: 2F 2-1: Called Strike 2-2: Foul Ball, location: 2F 2-2: Ground out 3-1 (Groundball, 13, EV 81.9 MPH)
|
|
Batting: RHB Carney Lansford
|
0-0: Ball 1-0: Ball 2-0: Called Strike 2-1: SINGLE (Groundball, 25, EV 68.1 MPH) (infield hit)
|
|
Batting: RHB Jerry Keller
|
0-0: Ball Carney Lansford steals 2nd base 1-0: Ball 2-0: Called Strike 2-1: Ball 3-1: Called Strike 3-2: 2-RUN HOME RUN (Flyball, 7D, EV 95.0 MPH), Distance : 422 ft
|
|
Batting: RHB Dick Davis
|
0-0: Ball 1-0: Swinging Strike 1-1: Foul Ball, location: 2F 1-2: Fly out, F8 (Line Drive, 8LD, EV 105.6 MPH)
|
| Top of the 7th over - 3 runs, 3 hits, 0 errors, 0 left on base; Los Angeles 4 - Cincinnati 3 |
| BOTTOM OF THE 7TH |
|
Cincinnati Reds batting - Pitching for Los Angeles Dodgers : RHP Mike Scott
|
|
Batting: RHB Marco Mosquera
|
0-0: Ball 1-0: Foul Ball, location: 2F 1-1: Ball 2-1: Foul Ball, location: 2F 2-2: Foul Ball, location: 2F 2-2: Ball 3-2: Fly out, F7 (Flyball, 7D, EV 96.3 MPH)
|
|
Batting: RHB John Damon
|
0-0: Ball 1-0: Swinging Strike 1-1: Foul Ball, location: 2F 1-2: Ball 2-2: Strikes out swinging
|
|
Batting: RHB Ramon Borrero
|
0-0: Ground out 6-3 (Groundball, 6M, EV 86.9 MPH)
|
| Bottom of the 7th over - 0 runs, 0 hits, 0 errors, 0 left on base; Los Angeles 4 - Cincinnati 3 |
| TOP OF THE 8TH |
|
Los Angeles Dodgers batting - Pitching for Cincinnati Reds : RHP Larry Dierker
|
|
Batting: RHB Barry Evans
|
0-0: Ball 1-0: Foul Ball, location: 2F 1-1: Ball 2-1: SOLO HOME RUN (Flyball, 78XD, EV 96.9 MPH), Distance : 426 ft
|
|
Batting: LHB Darren Daulton
|
0-0: Ball 1-0: Foul Ball, location: 2F 1-1: Foul Ball, location: 2F 1-2: Ground out U3 (Groundball, 3, EV 101.9 MPH)
|
|
Batting: SHB Spike Owen
|
0-0: Foul Ball, location: 2F 0-1: Ball 1-1: Ball 2-1: Fly out, F7 (Line Drive, 7, EV 107.5 MPH)
|
|
Batting: RHB Roberto Reyes
|
0-0: Foul Ball, location: 2F 0-1: Called Strike 0-2: Strikes out swinging
|
| Top of the 8th over - 1 run, 1 hit, 0 errors, 0 left on base; Los Angeles 5 - Cincinnati 3 |
| BOTTOM OF THE 8TH |
|
Cincinnati Reds batting - Pitching for Los Angeles Dodgers : RHP Mike Scott
|
|
Pinch Hitting: LHB Darrell Evans
|
0-0: Fly out, F6 (Line Drive, 6, EV 72.5 MPH)
|
|
Batting: RHB Gary Matthews
|
0-0: Ball 1-0: Ground out 6-3 (Groundball, 6, EV 86.3 MPH)
|
|
Batting: RHB Bill Melton
|
0-0: Called Strike 0-1: Called Strike 0-2: Ball 1-2: Strikes out swinging
|
| Bottom of the 8th over - 0 runs, 0 hits, 0 errors, 0 left on base; Los Angeles 5 - Cincinnati 3 |
| TOP OF THE 9TH |
|
Los Angeles Dodgers batting - Pitching for Cincinnati Reds : RHP Larry Dierker
|
|
Pitching: RHP Mike Armstrong
|
|
|
Batting: RHB Mike Scott
|
0-0: Swinging Strike 0-1: Called Strike 0-2: Strikes out swinging
|
|
Batting: RHB Billy Sample
|
0-0: Ball 1-0: Ball 2-0: Fly out, F8 (Flyball, 8RD, EV 93.8 MPH)
|
|
Batting: RHB Carney Lansford
|
0-0: Ball 1-0: Called Strike 1-1: Ground out 6-3 (Groundball, 6, EV 80.0 MPH)
|
| Top of the 9th over - 0 runs, 0 hits, 0 errors, 0 left on base; Los Angeles 5 - Cincinnati 3 |
| BOTTOM OF THE 9TH |
|
Cincinnati Reds batting - Pitching for Los Angeles Dodgers : RHP Mike Scott
|
|
Now at 1B: Chris W Smith
|
|
|
Now at 2B: Damaso Garcia
|
|
|
Batting: LHB Mike Easler
|
0-0: Foul Ball, location: 2F 0-1: Foul Ball, location: 2F 0-2: Ground out 6-3 (Groundball, 6, EV 82.5 MPH)
|
|
Batting: LHB Joseph Talley
|
0-0: Called Strike 0-1: Foul Ball, location: 2F 0-2: Fly out, F7 (Flyball, 7S, EV 82.5 MPH)
|
|
Batting: RHB Johnny Bench
|
0-0: Ball 1-0: Ball 2-0: Foul Ball, location: 2F 2-1: SINGLE (Groundball, 6MD, EV 98.1 MPH)
|
|
Batting: RHB Marco Mosquera
|
0-0: Ball 1-0: Ball 2-0: Called Strike 2-1: Ball 3-1: Swinging Strike 3-2: Strikes out swinging
|
| Bottom of the 9th over - 0 runs, 1 hit, 0 errors, 1 left on base; Los Angeles 5 - Cincinnati 3 |
|